 Dungeon Crawl Stone Soup version 0.30-a0-578-gdee14c521f (webtiles) character file.

Game seed: 16666890385899112575

130051 Newt the Cleaver (level 16, -2/127 HPs)
             Began as a Demonspawn Gladiator on Dec 31, 2022.
             Was an Initiate of Gozag.
             Shot with an arrow by a naga sharpshooter (19 damage)
             ... on level 4 of the Snake Pit.
             The game lasted 00:35:16 (25806 turns).

Newt the Cleaver (Demonspawn Gladiator)            Turns: 25806, Time: 00:35:17

Health: -2/127     AC: 17    Str: 25    XL:     16   Next: 52%
Magic:  14/14      EV: 20    Int:  9    God:    Gozag
Gold:   3034       SH:  0    Dex: 29    Spells: 15/15 levels left

rFire   + . .      SeeInvis .    n - +5 hand axe (elec)
rCold   . . .      Faith    .    (no shield)
rNeg    . . .      Spirit   .    C - +3 ring mail {rPois}
rPois   +          Reflect  .    g - +2 helmet
rElec   .          Harm     .    y - +2 cloak
rCorr   .          Rampage  .    (gloves unavailable)
Will    +....                    (no boots)
Stlth   +++++                    e - amulet of regeneration
HPRegen 1.21/turn                Q - ring of willpower
MPRegen 0.14/turn                X - ring of Baty {rF+ Will- Dex+8 Slay+6 Stlth-}

@: lethally poisoned (-2 -> -3), gold aura
A: thin skeletal structure 3, powered by death 2, spiny 1, demonic touch 3, low
MP 1, screaming 1, strong 1, subdued magic 1
a: Renounce Religion, Potion Petition, Call Merchant, Bribe Branch


You were on level 4 of the Snake Pit.
You worshipped Gozag.
Gozag was most pleased with you.
You visited 5 branches of the dungeon, and saw 25 of its levels.
You also visited: Gauntlet.

You collected 9103 gold pieces.
You spent 3293 gold pieces at shops.
You paid 2776 gold pieces to Gozag.

Inventory:

Hand Weapons
 a - a +4 war axe of protection
 b - a +3 morningstar of draining
 n - a +5 hand axe of electrocution (weapon)
 o - the +4 hand axe "Vyiq" {freeze, Dex+7}
   (You bought it in a shop on level 2 of the Orcish Mines)

   It freezes those it strikes, dealing additional cold damage.
   It can also slow down cold-blooded creatures.
   Dex:       It affects your dexterity (+7).
 p - the +3 hand axe of the King {protect, Contam rPois Dex+4 Stlth+}
   (You took it off an orc on level 5 of the Dungeon)

   It grants its wielder temporary protection when it strikes (+7 to AC).
   Dex:       It affects your dexterity (+4).
   rPois:     It protects you from poison.
   Contam:    It causes magical contamination when unequipped.
   Stlth:     It makes you more stealthy.
 w - the +7 morningstar of Painful Death {flame, rC+ Int+5}
   (You bought it in a shop on level 2 of the Snake Pit)

   It burns those it strikes, dealing additional fire damage.
   Int:       It affects your intelligence (+5).
   rC:        It protects you from cold.
Missiles
 d - 7 throwing nets (quivered)
 V - 3 silver javelins
Armour
 c - a +4 ring mail of positive energy
 g - a +2 helmet (worn)
 y - a +2 cloak (worn)
 C - a +3 ring mail of poison resistance (worn)
 S - a +1 leather armour of fire resistance
Jewellery
 e - an amulet of regeneration (around neck)
 s - a ring of wizardry
 x - a ring of positive energy
 B - the ring "Kaah" {Drain rC+ rN+ Int+7 Dex+2}
   (You found it on level 12 of the Dungeon)

   [ring of protection from cold]

   Int:       It affects your intelligence (+7).
   Dex:       It affects your dexterity (+2).
   rC:        It protects you from cold.
   rN:        It protects you from negative energy.
   Drain:     It drains your maximum health when unequipped.
 Q - a ring of willpower (left hand)
 W - a ring of willpower
 X - the ring of Baty (right hand) {rF+ Will- Dex+8 Slay+6 Stlth-}
   (You bought it in a shop on level 1 of the Lair of Beasts)

   [ring of protection from fire]

   Dex:       It affects your dexterity (+8).
   Slay:      It affects your accuracy & damage with ranged weapons and melee
   (+6).
   rF:        It protects you from fire.
   Will:      It decreases your willpower.
   Stlth:     It makes you less stealthy.
Wands
 m - a wand of polymorph (8)
 t - a wand of digging (3)
 E - a wand of charming (3)
 F - a wand of acid (9)
 K - a wand of iceblast (7)
 M - a wand of flame (36)
 P - a wand of mindburst (26)
Scrolls
 f - 4 scrolls of fog
 j - 2 scrolls of silence
 k - 2 scrolls of brand weapon
 q - 6 scrolls of enchant armour
 r - 2 scrolls of fear
 u - 4 scrolls of amnesia
 z - 8 scrolls of teleportation
 G - 10 scrolls of identify
 H - 4 scrolls of enchant weapon
 Y - a scroll of magic mapping
 Z - a scroll of blinking
Potions
 i - 4 potions of heal wounds
 l - 4 potions of flight
 v - a potion of invisibility
 A - a potion of resistance
 D - 2 potions of brilliance
 I - 2 potions of ambrosia
 J - 3 potions of might
 L - 2 potions of cancellation
 N - 2 potions of haste
 O - 9 potions of curing
 R - a potion of berserk rage
 T - 4 potions of lignification
Miscellaneous
 h - a tin of tremorstones (2/2)
 U - a condenser vane


   Skills:
 - Level 12.0 Fighting
 - Level 6.0 Short Blades
 - Level 14.9(15.0) Axes
 - Level 0.8(9.7) Polearms
 - Level 10.0 Throwing
 + Level 11.8 Armour
 - Level 9.0 Dodging
 - Level 4.0 Stealth
 - Level 12.0 Evocations


You had 15 spell levels left.
You didn't know any spells.
Your spell library contained the following spells:

 Spells                   Type           Power      Damage    Failure   Level
 Foxfire                  Conj/Fire      0%         2x1d4     45%         1
 Freeze                   Ice            0%         1d3       45%         1
 Magic Dart               Conj           0%         1d3       45%         1
 Sandblast                Erth           0%         2d4       45%         1
 Slow                     Hex            0%         N/A       45%         1
 Call Imp                 Summ           0%         N/A       58%         2
 Cigotuvi's Dreadful Rot  Necr/Pois/Air  0%         N/A       58%         2
 Passwall                 Tmut/Erth      0%         N/A       58%         2
 Scorch                   Fire           0%         2d5       58%         2
 Searing Ray              Conj           0%         2d4       58%         2
 Confusing Touch          Hex            0%         N/A       83%         3
 Inner Flame              Hex/Fire       0%         N/A       83%         3
 Kindle Blastsparks       Fire/Tloc/Air  0%         2d10      83%         3
 Mephitic Cloud           Conj/Pois/Air  0%         N/A       83%         3
 Ozocubu's Armour         Ice            0%         N/A       83%         3
 Stone Arrow              Conj/Erth      0%         3d7       83%         3
 Vampiric Draining        Necr           0%         2d6       83%         3
 Dispel Undead            Necr           0%         3d6       99%         4
 Flame Wave               Conj/Fire      0%         2d4       99%         4
 Fulminant Prism          Conj/Hex       0%         3d5       99%         4
 Iskenderun's Mystic Bla  Conj/Tloc      0%         2d3       99%         4
 Leda's Liquefaction      Hex/Erth       0%         N/A       99%         4
 Sticky Flame             Conj/Fire      0%         2d3       99%         4
 Summon Ice Beast         Ice/Summ       0%         N/A       99%         4
 Lee's Rapid Deconstruct  Erth           0%         3d4*      100%        5
 Summon Forest            Summ/Tloc      0%         N/A       100%        5
 Summon Mana Viper        Hex/Summ       0%         N/A       100%        5
 Death Channel            Necr           0%         N/A       100%        6
 Eringya's Noxious Bog    Tmut/Pois      0%         N/A       100%        6
 Statue Form              Tmut/Erth      0%         N/A       100%        6
 Summon Cactus Giant      Summ           0%         N/A       100%        6
 Monstrous Menagerie      Summ           0%         N/A       100%        7
 Ozocubu's Refrigeration  Ice            0%         4d7       100%        7
 Summon Hydra             Summ           0%         N/A       100%        7


Dungeon Overview and Level Annotations

Branches:
Dungeon (13/15)            Temple (1/1) D:6            Lair (5/5) D:10
  Swamp (0/4) Lair:3        Snake (4/4) Lair:2        Slime (0/5) Lair:4
    Orc (2/2) D:11            Elf (0/3) Orc:2       Gauntlet (visited)
 Vaults: D:13-14

Altars:
Ashenzari
Cheibriados
Dithmenos
Fedhas
Gozag
Hepliaklqana
Kikubaaqudgha
Makhleb
Nemelex Xobeh
Okawaru
Qazlal
Ru
Sif Muna
Trog
Uskayaw
Vehumet
Wu Jian
Xom
Yredelemnul
Jiyva
Lugonu

Shops:
D:2 (   D:9 ?*   Orc:2 ?=(?   Lair:1 =   Lair:5 (   Snake:2 (!(

Portals:
Abyss: Lair:5

Annotations:
D:3 3 runed translucent doors, wormed's ghost, amateur AtFi
D:8 2 transporters
Lair:1 exclusion: oklob plant


Innate Abilities, Weirdness & Mutations

You have an unnaturally thin skeletal structure. (Dex +6, Stealth+++)
You regenerate health from kills.
You are partially covered in sharp spines.
Your touch may irresistibly damage your foes and sap their willpower.
Your magical capacity is low. (-10% MP)
You occasionally shout uncontrollably at your foes.
Your muscles are strong. (Str +4, Int/Dex -1)
Your spells are a little easier to cast, but a little less powerful.


Message History

The arrow misses you.
The arrow completely misses the naga sharpshooter.
The naga sharpshooter mumbles some strange words.
The naga sharpshooter magically shoots an arrow.
The arrow hits you!
You slash the naga sharpshooter!
Lightning courses through the naga sharpshooter!
The naga sharpshooter is moderately wounded.
You slash the naga sharpshooter!
You feel sick.
The naga sharpshooter shoots an arrow.
The arrow closely misses you.
The naga sharpshooter shoots an arrow.
The arrow completely misses you.
The arrow hits the naga sharpshooter!!
The naga sharpshooter casts a spell.
The naga sharpshooter magically shoots an arrow.
The arrow hits you!
* * * LOW HITPOINT WARNING * * *
You hit the naga sharpshooter.
The naga sharpshooter is lightly wounded.
You slash the naga sharpshooter!
The naga sharpshooter shoots an arrow.
The arrow completely misses you.
The naga sharpshooter gestures wildly while chanting.
The naga sharpshooter magically shoots an arrow.
The arrow hits you!!
* * * LOW HITPOINT WARNING * * *
You slash the naga sharpshooter!
You touch the naga sharpshooter!
You sap its willpower!
The naga sharpshooter is moderately wounded.
You hit the naga sharpshooter but do no damage.
You feel sick.
The naga sharpshooter shoots an arrow.
The arrow misses you.
You slash the naga sharpshooter!
Your punch misses the naga sharpshooter.
The naga sharpshooter is heavily wounded.
You slash the naga sharpshooter!
The naga sharpshooter unwields a +0 shortbow.
The naga sharpshooter wields a +0 trident.
The naga sharpshooter is struck by your spines.
The naga sharpshooter completely misses you.
The naga sharpshooter shoots an arrow.
The arrow hits you!!
You die...
Your body crumbles into a pile of gold.

#..# ..# ##..#....#
##...#....#
####....#....#..
##.......#....#..
.................
......N.........#
......N@.........
.........N....... ........
................. #......
.........$$...... ##.....
###.............. ..#...##
####...........
.......########........###
....(.......##.......:##
......................#


You could see 3 naga sharpshooters.

Vanquished Creatures
  Agnes (Snake:2)
  Roxanne (Snake:3)
  Aizul (Snake:2)
  2 nagarajas (Snake:2)
  A minotaur (Gauntlet)
  Snorg (Orc:2)
  Harold (Lair:2)
  2 salamander tyrants (Snake:2)
  6 hydras
  Erolcha (Orc:2)
  A catoblepas (D:10)
  Erica (Orc:1)
  A centaur warrior (D:12)
  An ogre mage (Orc:1)
  5 death yaks
  6 anacondas
  3 naga warriors (Snake:1)
  7 two-headed ogres
  A tengu warrior (D:10)
  10 naga sharpshooters
  An orc high priest (Orc:1)
  4 shock serpents
  2 thrashing horrors (Lair:5)
  Nergalle (D:10)
  8 salamander mystics
  A lindwurm (shapeshifter) (Gauntlet)
  2 bog bodies (Lair:3)
  2 naga ritualists (Snake:2)
  An orc knight (Orc:1)
  7 mana vipers
  The ghost of porpoise the Skirmisher, a novice HuHu (D:5)
  10 orc sorcerers (Orc:2)
  A wolf spider (D:10)
  13 salamanders
  2 ugly things
  A moth of wrath (Gauntlet)
  3 cyclopes
  A faun (shapeshifter) (Gauntlet)
  8 centaur zombies (D:12)
  20 elephants
  Maurice (Orc:2)
  19 black mambas
  24 naga magi
  A guardian serpent (Snake:2)
  4 smoke demons (Lair:5)
  2 torpor snails
  11 cane toads
  2 rime drakes
  A rime drake (shapeshifter) (Gauntlet)
  5 unseen horrors
  6 kobold demonologists
  10 komodo dragons
  2 ancient zymes (Lair:5)
  2 polar bears
  7 trolls
  23 blink frogs
  8 hornets
  21 dream sheep (Lair:5)
  A raiju (Gauntlet)
  4 wraiths
  Sigmund (D:6)
  A meliai zombie (D:12)
  A slime creature (D:10)
  7 shadows
  3 vampires
  2 wyverns
  A culicivora (shapeshifter) (Gauntlet)
  A spriggan (Lair:5)
  Grum (D:10)
  2 ynoxinuls
  8 basilisks
  13 yaks
  2 chaos spawn (Lair:5)
  3 vampire mosquitoes
  A warg (D:11)
  25 nagas
  Duvessa (D:7)
  An acid dragon (D:12)
  4 large abominations (Lair:5)
  10 water moccasins
  2 sky beasts (D:7)
  14 orc warriors
  A black bear (D:7)
  5 centaurs
  13 ogres
  26 wolves
  3 phantoms
  9 small abominations (Lair:5)
  6 kobold brigands
  6 bullfrogs
  5 necrophages
  5 gnoll sergeants
  2 scorpions (D:5)
  Dowan (D:7)
  20 killer bees
  4 howler monkeys
  A vampire bat (D:3)
  3 hounds
  14 orc priests
  An iguana (D:4)
  27 orc wizards
  Natasha (thrice) (D:3)
  28 gnolls
  11 adders
  3 shadow imps
  4 white imps
  3 worms
  2 dart slugs
  3 fire bats (D:3)
  54 orcs
  2 spectral bats (D:3)
  14 bats
  A bat simulacrum (D:3)
  3 bat skeletons (D:3)
  A bat zombie (D:3)
  7 endoplasms
  4 giant cockroaches
  6 goblins
  9 hobgoblins
  6 quokkas
  7 ball pythons
  5 frilled lizards
  18 kobolds
  6 rats
  2 rat zombies (D:5)
754 creatures vanquished.

Vanquished Creatures (collateral kills)
  An ogre mage (D:10)
  A two-headed ogre (D:10)
  2 ogres (D:10)
4 creatures vanquished.

Vanquished Creatures (others)
  A salamander (Snake:2)
  4 fungi
  19 plants
24 creatures vanquished.

Grand Total: 782 creatures vanquished

Notes
Turn   | Place    | Note
-------+----------+-------------------------------------------
     0 | D:1      | Newt the Demonspawn Gladiator began the quest for the Orb.
     0 | D:1      | Reached XP level 1. HP: 16/16 MP: 1/1
   116 | D:1      | Reached skill level 1 in Stealth
   232 | D:1      | Gained mutation: Your touch may inflict minor irresistible
                  | damage on your foes. [demonic ancestry]
   232 | D:1      | Reached XP level 2. HP: 22/22 MP: 2/2
  1041 | D:2      | Gained mutation: You are partially covered in sharp spines.
                  | [demonic ancestry]
  1041 | D:2      | Reached XP level 3. HP: 28/28 MP: 3/3
  1093 | D:2      | Found Juacem's Weapon Emporium.
  1553 | D:2      | Gained mutation: You regenerate a little health from kills.
                  | [demonic ancestry]
  1553 | D:2      | Reached XP level 4. HP: 34/37 MP: 4/4
  1772 | D:3      | Gained mutation: You are robust. (+10% HP) [potion of
                  | mutation]
  1772 | D:3      | Lost mutation: You are robust. (+10% HP) [potion of
                  | mutation]
  1772 | D:3      | Gained mutation: Your spells are a little easier to cast,
                  | but a little less powerful. [potion of mutation]
  1772 | D:3      | Gained mutation: Your muscles are strong. (Str +4, Int/Dex
                  | -1) [potion of mutation]
  1798 | D:3      | Found a runed translucent gate.
  1798 | D:3      | Found a runed translucent gate.
  1799 | D:3      | Found a runed translucent gate.
  1804 | D:3      | Noticed wormed's ghost (amateur AtFi)
  1813 | D:3      | Found a basalt altar of Yredelemnul.
  2033 | D:3      | Noticed Natasha
  2040 | D:3      | Gained mutation: Your touch may inflict irresistible damage
                  | on your foes. [demonic ancestry]
  2040 | D:3      | Reached XP level 5. HP: 40/42 MP: 5/5
  2042 | D:3      | Killed Natasha
  2298 | D:3      | Noticed Natasha
  2308 | D:3      | Killed Natasha
  2309 | D:3      | Reached XP level 6. HP: 46/48 MP: 6/6
  2449 | D:3      | Noticed Natasha
  2458 | D:3      | Killed Natasha
  2862 | D:4      | Reached skill level 5 in Short Blades
  2876 | D:4      | Reached XP level 7. HP: 26/54 MP: 7/7
  3383 | D:5      | Entered Level 5 of the Dungeon
  3384 | D:5      | Found a runed translucent gate.
  3384 | D:5      | Found a runed translucent gate.
  3397 | D:5      | Noticed porpoise's ghost (novice HuHu)
  3398 | D:5      | Found a runed translucent gate.
  3405 | D:5      | Reached skill level 5 in Fighting
  3405 | D:5      | Identified the +3 hand axe of the King {protect, Contam
                  | rPois Dex+4 Stlth+}
  3451 | D:5      | Reached XP level 8. HP: 62/62 MP: 8/8
  3927 | D:5      | Found an ancient bone altar of Kikubaaqudgha.
  4106 | D:6      | Reached skill level 1 in Armour
  4191 | D:6      | Found a staircase to the Ecumenical Temple.
  4219 | Temple   | Entered the Ecumenical Temple
  4415 | Temple   | Became a worshipper of Gozag Ym Sagoz the Greedy
  4553 | D:6      | Reached skill level 1 in Evocations
  4733 | D:6      | Found a broken altar of Ashenzari.
  4733 | D:6      | Found a blossoming altar of Fedhas.
  4770 | D:6      | Noticed Sigmund
  4781 | D:6      | Killed Sigmund
  5056 | D:6      | Reached skill level 5 in Evocations
  5101 | D:6      | Found a sparkling altar of Nemelex Xobeh.
  5361 | D:5      | Killed porpoise's ghost
  5362 | D:5      | Reached skill level 3 in Axes
  5362 | D:5      | Gained mutation: Your touch may irresistibly damage your
                  | foes and sap their willpower. [demonic ancestry]
  5362 | D:5      | Reached XP level 9. HP: 61/69 MP: 9/9
  5580 | D:7      | Reached skill level 4 in Axes
  5778 | D:7      | Noticed Duvessa
  5779 | D:7      | Noticed Dowan
  5791 | D:7      | Killed Dowan
  5792 | D:7      | Killed Duvessa
  5793 | D:7      | Reached skill level 5 in Axes
  6062 | D:7      | Found a burning altar of Makhleb.
  6062 | D:7      | Noticed a blizzard demon
  6065 | D:7      | Noticed a smoke demon
  6385 | D:8      | Found a transporter.
  6407 | D:8      | Reached skill level 6 in Axes
  6448 | D:8      | Reached skill level 7 in Axes
  6454 | D:8      | Found a stormy altar of Qazlal.
  6516 | D:8      | Identified the +0 hat "Rum Bukh" {Int+5}
  6547 | D:8      | Found a transporter.
  6725 | D:8      | Gained mutation: You have a somewhat thin skeletal
                  | structure. (Dex +2, Stealth+) [demonic ancestry]
  6725 | D:8      | Reached XP level 10. HP: 75/76 MP: 10/10
  7073 | D:9      | Found Evelilis's Demolitions Depot.
  7133 | D:9      | Noticed a two-headed ogre
  7139 | D:9      | Killed a two-headed ogre
  7270 | D:9      | Reached skill level 5 in Armour
  7303 | D:9      | Found Leereb's Magic Scroll Shoppe.
  7329 | D:9      | Bought a scroll of enchant weapon for 82 gold pieces
  7329 | D:9      | Bought a scroll of identify for 22 gold pieces
  7329 | D:9      | Bought a scroll of identify for 22 gold pieces
  7329 | D:9      | Bought a scroll of identify for 22 gold pieces
  7535 | D:9      | Found a hazy altar of Hepliaklqana.
  7566 | D:9      | Found an ornate altar of the Wu Jian Council.
  7605 | D:9      | Noticed a two-headed ogre
  7622 | D:9      | Killed a two-headed ogre
  7851 | D:9      | Reached skill level 5 in Throwing
  7851 | D:9      | Reached skill level 8 in Axes
  7874 | D:9      | Found a sacrificial altar of Ru.
  8092 | D:9      | Found a snail-covered altar of Cheibriados.
  8324 | D:10     | Entered Level 10 of the Dungeon
  8324 | D:10     | Found a staircase to the Lair.
  8454 | D:10     | Noticed a two-headed ogre
  8470 | D:10     | Killed a two-headed ogre
  8471 | D:10     | Gained mutation: You have a moderately thin skeletal
                  | structure. (Dex +4, Stealth++) [demonic ancestry]
  8471 | D:10     | Reached XP level 11. HP: 48/81 MP: 11/11
  8602 | D:10     | Noticed Nergalle
  8611 | D:10     | Killed Nergalle
  8612 | D:10     | Reached skill level 9 in Axes
  8618 | D:10     | Noticed Grum
  8632 | D:10     | Killed Grum
  8660 | D:10     | Found a shimmering blue altar of Sif Muna.
  8671 | D:10     | Got Sif Muna's Guide on the Polar Pyromaniac
  8676 | D:10     | Found a bloodstained altar of Trog.
  8716 | D:10     | Reached skill level 10 in Axes
  8746 | D:10     | Noticed a tengu warrior
  8747 | D:10     | Noticed a catoblepas
  8768 | D:10     | Killed a tengu warrior
  8777 | D:10     | Killed a catoblepas
  9150 | D:10     | Noticed a four-headed hydra
  9158 | D:10     | Killed a two-headed hydra
  9159 | D:10     | Reached skill level 11 in Axes
  9167 | D:10     | Gained mutation: Your magical capacity is low. (-10% MP)
                  | [mutagenic glow]
  9265 | D:10     | Noticed a green ugly thing
  9265 | D:10     | You fall into a shaft and drop 2 floors!
  9801 | D:11     | Noticed a two-headed ogre
  9813 | D:11     | Killed a two-headed ogre
  9837 | D:11     | Reached XP level 12. HP: 64/92 MP: 10/10
 10282 | D:11     | Noticed an ogre mage
 10282 | D:11     | Noticed a two-headed ogre
 10282 | D:11     | Noticed a two-headed ogre
 10283 | D:11     | Paralysed by an ogre mage for 3 turns
 10293 | D:10     | HP: 3/89 [two-headed ogre/+0 giant club (6)]
 10303 | D:10     | Killed an ogre mage
 10306 | D:10     | Killed a two-headed ogre
 10606 | D:10     | Killed a two-headed ogre
 10707 | Lair:1   | Entered Level 1 of the Lair of Beasts
 11154 | Lair:1   | Found a gate leading to a gauntlet.
 11163 | Gauntlet | Entered a Gauntlet
 11163 | Gauntlet | Found a transporter.
 11163 | Gauntlet | Found a transporter.
 11163 | Gauntlet | Found a runed translucent door.
 11163 | Gauntlet | Found a runed translucent door.
 11166 | Gauntlet | Noticed a catoblepas
 11179 | Gauntlet | Found a transporter.
 11184 | Gauntlet | Found a runed translucent door.
 11192 | Gauntlet | Found a transporter.
 11192 | Gauntlet | Found a transporter.
 11194 | Gauntlet | Found a transporter.
 11194 | Gauntlet | Found a transporter.
 11195 | Gauntlet | Found a transporter.
 11209 | Gauntlet | Found a transporter.
 11222 | Gauntlet | Found a transporter.
 11232 | Gauntlet | Found a transporter.
 11246 | Gauntlet | Found a transporter.
 11266 | Gauntlet | Found a transporter.
 11281 | Gauntlet | Found a transporter.
 11693 | Gauntlet | Noticed a minotaur
 11701 | Gauntlet | Killed a minotaur
 12521 | Lair:1   | Bought the ring of Baty {rF+ Will- Dex+8 Slay+6 Stlth-} for
                  | 684 gold pieces
 12583 | Lair:2   | Noticed Harold
 12600 | Lair:2   | Killed Harold
 13120 | Lair:2   | Reached skill level 10 in Armour
 13120 | Lair:2   | Reached skill level 12 in Axes
 13120 | Lair:2   | Gained mutation: You regenerate health from kills. [demonic
                  | ancestry]
 13120 | Lair:2   | Reached XP level 13. HP: 98/98 MP: 11/11
 13236 | Lair:2   | Found a staircase to the Snake Pit.
 13890 | Lair:1   | Bought an amulet of regeneration for 300 gold pieces
 14021 | Lair:3   | Found a staircase to the Swamp.
 14390 | Lair:3   | Reached skill level 13 in Axes
 15168 | Lair:4   | Reached skill level 14 in Axes
 15869 | Lair:4   | Found a staircase to the Slime Pits.
 15870 | Lair:4   | Found a viscous altar of Jiyva.
 16116 | Lair:5   | Entered Level 5 of the Lair of Beasts
 16345 | Lair:5   | Gained mutation: You have an unnaturally thin skeletal
                  | structure. (Dex +6, Stealth+++) [demonic ancestry]
 16345 | Lair:5   | Reached XP level 14. HP: 101/105 MP: 12/12
 16390 | Lair:5   | Reached skill level 10 in Evocations
 16919 | Lair:5   | Bought a +3 war axe of flaming for 349 gold pieces
 17552 | Lair:5   | Found a corrupted altar of Lugonu.
 17552 | Lair:5   | Found a one-way gate to the infinite horrors of the Abyss.
 17921 | Lair:5   | Gained mutation: You occasionally shout uncontrollably at
                  | your foes. [mutagenic glow]
 18495 | D:11     | Reached skill level 10 in Fighting
 18782 | D:11     | Found a staircase to the Orcish Mines.
 19330 | D:12     | Identified the ring "Kaah" {Drain rC+ rN+ Int+7 Dex+2}
 20041 | Orc:1    | Entered Level 1 of the Orcish Mines
 20050 | Orc:1    | Noticed Erica
 20053 | Orc:1    | Reached XP level 15. HP: 85/119 MP: 13/13
 20185 | Orc:1    | Killed Erica
 20506 | Orc:2    | Entered Level 2 of the Orcish Mines
 20585 | Orc:2    | Noticed Snorg
 20591 | Orc:2    | Found a staircase to the Elven Halls.
 20594 | Orc:2    | Killed Snorg
 20776 | Orc:2    | Noticed Maurice
 20784 | Orc:2    | Killed Maurice
 21061 | Orc:2    | Found an ancient bone altar of Kikubaaqudgha.
 21079 | Orc:2    | Found Ofupunisch's Magic Scroll Emporium.
 21097 | Orc:2    | Noticed Erolcha
 21098 | Orc:2    | Found a radiant altar of Vehumet.
 21104 | Orc:2    | Killed Erolcha
 21118 | Orc:2    | Found Zazudod's Antique Weapon Emporium.
 21132 | Orc:2    | Found Irchaq's Jewellery Shoppe.
 21137 | Orc:2    | Found Zavouvid's Magic Scroll Shoppe.
 21172 | Orc:2    | Bought a scroll of acquirement for 780 gold pieces
 21173 | Orc:2    | Acquired 544 gold pieces
 21183 | Orc:2    | Bought a transparent hand axe for 240 gold pieces
 21183 | Orc:2    | Identified the +4 hand axe "Vyiq" {freeze, Dex+7} (You
                  | bought it in a shop on level 2 of the Orcish Mines)
 21217 | Orc:2    | Bought a scroll of enchant weapon for 120 gold pieces
 21961 | Snake:1  | Entered Level 1 of the Snake Pit
 22983 | Snake:1  | Reached skill level 10 in Throwing
 23607 | Snake:2  | Reached skill level 5 in Dodging
 23665 | Snake:2  | Found Naed's Distillery.
 23669 | Snake:2  | Bought a potion of berserk rage for 60 gold pieces
 23669 | Snake:2  | Bought a potion of ambrosia for 96 gold pieces
 23669 | Snake:2  | Bought a potion of heal wounds for 60 gold pieces
 23669 | Snake:2  | Found Kextag's Antique Weapon Boutique.
 23675 | Snake:2  | Bought a glowing hand axe for 168 gold pieces
 23689 | Snake:2  | Noticed Agnes
 23704 | Snake:2  | Killed Agnes
 23783 | Snake:2  | Found a hide-covered altar of Uskayaw.
 23865 | Snake:2  | Noticed a nagaraja
 23874 | Snake:2  | Killed a nagaraja
 23888 | Snake:2  | Reached XP level 16. HP: 82/127 MP: 4/14
 24137 | Snake:2  | Noticed Aizul
 24152 | Snake:2  | Killed Aizul
 24563 | Snake:2  | Bought a smoking morningstar for 288 gold pieces
 24563 | Snake:2  | Identified the +7 morningstar of Painful Death {flame, rC+
                  | Int+5} (You bought it in a shop on level 2 of the Snake
                  | Pit)
 24894 | Snake:3  | Found an iron altar of Okawaru.
 25075 | Snake:3  | Noticed Roxanne
 25096 | Snake:3  | Killed Roxanne
 25764 | Snake:4  | Entered Level 4 of the Snake Pit
 25806 | Snake:4  | Shot with an arrow by a naga sharpshooter

Illustrated notes

Levels and vault maps discovered:
D:1:      dreamdust_arrival_sigmund_warning, layout_loops_ring
D:2:      layout_loops_ring, serial_shops, shop_statue,
          kennysheep_cluttered_room
D:3:      layout_loops_corners, yredelemnul_altar_generic,
          gammafunk_ghost_necromancy, kennysheep_nub, goddamned_bats,
          uniq_natasha
D:4:      layout_cave_pools, feat_on_display
D:5:      layout_loops_ring, lemuel_zombie_altar_kikubaaqudgha,
          biasface_ghost_orc_armoury
D:6:      layout_basic, gammafunk_temple_overflow_statue, lemuel_round_altar,
          temple_green, uniq_sigmund
D:7:      layout_loops_cross, makhleb_altar_promises_db, serial_rivers,
          chequers_serial_rivers_small_b, chequers_serial_rivers_micro_c,
          chequers_serial_rivers_large_b, chequers_serial_rivers_small_a,
          chequers_serial_rivers_small_3, chequers_serial_rivers_small_b,
          chequers_serial_rivers_micro_c, uniq_duvessa
D:8:      gammafunk_cloud_chamber, layout_loops_ring,
          mainiacjoe_overflow_boulevard, ebering_dispersal_statue_hall
D:9:      layout_cave_pods, nicolae_wu_jian_wuxing_cycle,
          nicolae_ru_path_of_blood, nzn_hepliaklqana_mist_gate,
          kennysheep_slug_shrine, serial_shops, shop,
          chequers_serial_rivers_room_a, nicolae_blasting_shop
D:10:     minmay_chopped_fan, layout_rooms,
          nzn_overflow_gifts_of_might_and_magic, lair_entry_dummy,
          hangedman_abyss_or_decor_lesser_grid, nicolae_elevator_lobby_plus,
          uniq_grum, uniq_nergalle
D:11:     minmay_spotlight, layout_loops_corners, orc_0_dummy
D:12:     layout_loops_ring, serial_undead, serial_undead_a, serial_undead_b,
          serial_undead_c, serial_undead_b, serial_bayou_crossing
D:13:     layout_loops_ring, skrybe_vaults_entry_preservation, st_stairs_4,
          nicolae_inconvenience_store, uniq_jorgrun
Temple:   grunt_temple_mini_profane
Lair:1:   layout_regular_city, gauntlet_entry_generic,
          small_statue_intersection, minmay_lair_oklob_bushes
Lair:2:   layout_cave_pods, guppyfry_snake_entry_garden, pond, uniq_harold
Lair:3:   layout_gridlike, skrybe_swamp_entry_bodies,
          chequers_serial_rivers_micro_c, lemuel_fruit_tree,
          infiniplex_staircase_pool_2, lemuel_fruit_fields, lemuel_fruit_fields,
          lemuel_fruit_fields
Lair:4:   layout_gridlike, slime_entry_1, dreamdust_wasp_nest
Lair:5:   hellmonk_lair_end_abyssal_woods, layout_hall_layers,
          grunt_megastairs_5, serial_bayou_shore_a
Snake:1:  layout_chambers
Snake:2:  layout_rooms, serial_curves, eino_curves_01, eino_curves_03,
          basic_altar, nicolae_snake_magic_snake_eye, serial_bayou_shore_b,
          minmay_shoptagon, serial_bayou_shore_b, uniq_agnes, uniq_aizul
Snake:3:  layout_onion_interference, basic_altar, uniq_roxanne
Snake:4:  grunt_snake_rune_spirals, layout_onion
Orc:1:    layout_caves, mines4_lemuel, uniq_erica
Orc:2:    kennysheep_orc_mage_school, layout_diamond_mine, minmay_orc_temple_b,
          uniq_maurice, uniq_snorg

Skill      XL: |  1  2  3  4  5  6  7  8  9 10 11 12 13 14 15 16 |
---------------+-------------------------------------------------+-----
Stealth        | 1 2 4 |  4.0
Fighting       | 3 4 5 6 8 11 12 | 12.0
Short Blades   | 3 4 5 6 |  6.0
Dodging        | 3 4 7 9 |  9.0
Armour         | 3 6 10 11 | 11.8
Evocations     | 5 8 9 12 | 12.0
Axes           | 3 7 8 11 12 14 | 14.9
Throwing       | 5 10 | 10.0
Polearms       | |  0.8

Action                   |  1- 3 |  4- 6 |  7- 9 | 10-12 | 13-15 | 16-18 || total
-------------------------+-------+-------+-------+-------+-------+-------++-------
Melee: Rapier            |    72 |       |       |       |       |       ||    72
       Touch             |    11 |    21 |    48 |   108 |   257 |    66 ||   511
       Dagger            |     7 |   101 |   134 |       |       |       ||   242
       Punch             |     1 |       |       |     8 |    17 |       ||    26
       Halberd           |       |       |    18 |     6 |       |       ||    24
       Hand axe          |       |       |    85 |   449 |   551 |   220 ||  1305
       War axe           |       |       |       |       |   442 |       ||   442
       Morningstar       |       |       |       |       |     5 |       ||     5
Throw: Throwing net      |     1 |     1 |       |       |     2 |       ||     4
       Javelin           |       |     1 |       |       |       |       ||     1
Invok: Call Merchant     |       |       |       |     1 |     1 |     1 ||     3
Evoke: Wand              |       |       |       |     9 |    12 |     4 ||    25
  Use: Scroll            |     1 |     5 |     8 |     8 |     5 |       ||    27
       Potion            |       |     2 |     1 |     2 |       |       ||     5
 Stab: Sleeping          |     5 |     6 |     4 |    13 |    29 |     8 ||    65
       Held in net/web   |       |     1 |       |       |       |       ||     1
       Distracted        |       |       |     2 |     8 |    25 |     4 ||    39
       Petrified         |       |       |       |     3 |       |       ||     3
Armor: Leather armour    |    24 |    25 |    78 |    17 |       |       ||   144
       Scale mail        |       |       |       |   219 |       |       ||   219
       Ring mail         |       |       |       |    21 |   486 |    37 ||   544
Dodge: Dodged            |    43 |    45 |   120 |   263 |   527 |   131 ||  1129

Table legend: (Time is in decaauts)
 A = Elapsed time spent in this place.
 B = Non-inter-level travel time spent in this place.
 C = Inter-level travel time spent in this place.
 D = Time resting spent in this place.
 E = Time spent auto-exploring this place.
 F = Levels seen in this place.
 G = Mean time per level.
                   A        B        C        D        E       F      G
               +--------+--------+--------+--------+--------+-----+--------+
         Total |  25361 |  23969 |   1392 |   3588 |  16323 |  26 |  975.4 |
       Dungeon |  12218 |  11587 |    631 |   1253 |   8481 |  13 |  939.8 |
        Temple |    211 |    173 |     38 |      0 |    168 |   1 |  211.0 |
          Lair |   6994 |   6499 |    495 |   1572 |   3786 |   5 | 1398.8 |
     Snake Pit |   3529 |   3446 |     83 |    297 |   2509 |   4 |  882.2 |
  Orcish Mines |   1703 |   1560 |    143 |    103 |   1153 |   2 |  851.5 |
      Gauntlet |    705 |    705 |      0 |    363 |    225 |   1 |  705.0 |
               +--------+--------+--------+--------+--------+-----+--------+

Top non-repeatable levels by time:
  Lair:5: 2076 daAuts
    D:10: 1557 daAuts
 Snake:1: 1417 daAuts
  Lair:2: 1397 daAuts
    D:11: 1368 daAuts
   Orc:2: 1290 daAuts
  Lair:1: 1254 daAuts
     D:9: 1250 daAuts
 Snake:2: 1193 daAuts
  Lair:4: 1164 daAuts
  Lair:3: 1101 daAuts
     D:2: 1087 daAuts
    D:12: 1078 daAuts
     D:3: 1064 daAuts
     D:6: 1013 daAuts
